 Dungeon Crawl Stone Soup version 0.27-a0-1442-g87b6fcb (webtiles) character file.

Game seed: 6496602662425818721

53 Nithhogg the Chopper (level 3, 0/31 HPs)
             Began as a Hill Orc Fighter on May 3, 2021.
             Slain by Grinder (3 damage)
             ... on level 3 of the Dungeon on July 4, 2021.
             The game lasted 00:03:23 (1973 turns).

Nithhogg the Chopper (Hill Orc Fighter)             Turns: 1973, Time: 00:03:24

Health: 0/31       AC: 10    Str: 19    XL:     3   Next: 87%
Magic:  3/3        EV:  7    Int:  8    God:
Gold:   67         SH:  9    Dex: 10    Spells: 2/2 levels left

rFire    . . .     SeeInvis .   a - +0 war axe
rCold    . . .     Faith    .   c - +0 kite shield
rNeg     . . .     Spirit   .   b - +0 scale mail
rPois    .         Reflect  .   o - +2 helmet
rElec    .         Harm     .   (no cloak)
rCorr    .         Rampage  .   (no gloves)
Will     .....                  (no boots)
Stlth    ..........             (no amulet)
HPRegen  0.10/turn              (no ring)
MPRegen  0.08/turn              (no ring)

@: no status effects
A: no striking features
a: no special abilities


You were on level 3 of the Dungeon.
You visited 1 branch of the dungeon, and saw 3 of its levels.

You collected 67 gold pieces.

Inventory:

Hand Weapons
 a - a +0 war axe (weapon)
Armour
 b - a +0 scale mail (worn)
 c - a +0 kite shield (worn)
 o - a +2 helmet (worn)
Jewellery
 g - a ring of fire
 k - a ring of protection from cold
Scrolls
 e - a scroll of teleportation {unknown}
 h - a scroll of noise
 m - a scroll of silence {unknown}
 n - a scroll of enchant armour {unknown}
 p - a scroll of blinking {unknown}
Potions
 d - a potion of might
 f - a potion of lignification {unknown}
 i - a potion of curing {unknown}


   Skills:
 - Level 3.6 Fighting
 + Level 5.4 Axes
 - Level 3.2 Armour
 - Level 3.2 Shields


You had 2 spell levels left.
You didn't know any spells.
Your spell library contained the following spells:

 Spells                   Type           Power      Damage    Failure   Level
 Leda's Liquefaction      Hex/Erth       0%         N/A       100%        4
 Bolt of Magma            Conj/Fire/Erth 0%         4d4       100%        5
 Statue Form              Tmut/Erth      0%         N/A       100%        6


Dungeon Overview and Level Annotations

Branches:
Dungeon (3/15)

Altars:

Annotations:
D:3 Grinder


Message History

Grinder is lightly wounded.
Grinder barely misses you.
Grinder blinks!
You see here a ball python corpse.
Grinder blinks!
(D) Dungeon
Where to? (Enter - D:3, ? - help) Grinder is nearby!
You see here 21 sling bullets.
You start resting.
Grinder is nearby!
You start resting.
Grinder is nearby!
You block Grinder's attack.
You hit Grinder.
Grinder is lightly wounded.
Grinder gestures at you.
You suddenly lose the ability to move!
Grinder hits you but does no damage. Grinder hits you.
You writhe in agony.
* * * LOW HITPOINT WARNING * * *
You can move again.
You hit Grinder but do no damage.
Grinder is lightly wounded.
Grinder blinks!
Grinder hits you.
* * * LOW HITPOINT WARNING * * *
As you read the scroll labelled CAROAFFOAT, it crumbles to dust.
You hear a loud clanging noise!
It was a scroll of noise.
You hear a shout! x2; You hear an angry hiss.
Grinder barely misses you.
As you read the scroll labelled ELUSTIROASH, it crumbles to dust.
You feel aware of your surroundings.
It was a scroll of magic mapping.
You block Grinder's attack.
As you read the scroll labelled TOOMYLUUNE, it crumbles to dust.
It is a scroll of amnesia.
You feel forgetful for a moment. Grinder hits you.
* * * LOW HITPOINT WARNING * * *
You writhe in agony.
You die...

*,* *,,,,* *,*,,,,,,,,*
*,* *,**,* *,*,*****#.*
*,* *,**,* *,*,* #.* ***
*,* *,**,****,*,* #.* *,,
*,* *,,,,,,,,,,,**#**#.*
*,#
*,*****##,,****,,,,,,.,#.*
*.# *,,,,,,,..,*
*******#.#.####.#
***,***#####.#######
#.#......5
,,,,,,,.......<5@..#
#.......#,
*******###########.#
###.†..##*
#.########.##.#,
#..(.......#**.#
############ **#


You could see Grinder.

Vanquished Creatures
  A dart slug (D:1)
  4 bats
  7 endoplasms
  4 giant cockroaches
  2 goblins (D:1)
  6 hobgoblins
  2 quokkas
  4 ball pythons
  8 frilled lizards
  5 kobolds
  4 rats
47 creatures vanquished.

Notes
Turn   | Place    | Note
-------+----------+-------------------------------------------
     0 | D:1      | Nithhogg the Hill Orc Fighter began the quest for the Orb.
     0 | D:1      | Reached XP level 1. HP: 19/19 MP: 1/1
     0 | D:1      | Upgraded the game from 0.27-a0-1122-g2a214b4 to
                  | 0.27-a0-1186-g8b4daa1
    17 | D:1      | Upgraded the game from 0.27-a0-1186-g8b4daa1 to
                  | 0.27-a0-1442-g87b6fcb
    71 | D:1      | Reached skill level 3 in Axes
   117 | D:1      | Reached XP level 2. HP: 22/26 MP: 2/2
   196 | D:1      | Reached skill level 4 in Axes
   324 | D:1      | Reached XP level 3. HP: 31/31 MP: 3/3
   460 | D:1      | Found a faded altar of an unknown god.
   917 | D:1      | Reached skill level 5 in Axes
  1937 | D:3      | Noticed Grinder
  1966 | D:3      | Paralysed by Grinder for 3 turns
  1973 | D:3      | Slain by Grinder

Illustrated notes

Levels and vault maps discovered:
D:1:      arrival_zaba_pyramid, layout_basic,
          ebering_ecumenical_altar_abandoned, minmay_pentomino_s4
D:2:      layout_basic
D:3:      layout_loops_ring, uniq_grinder

Skill      XL: |  1  2  3 |
---------------+----------+-----
Axes           | 3 4 5 |  5.4
Fighting       | |  3.6
Armour         | |  3.2
Shields        | |  3.2

Action                   || total
-------------------------++-------
Melee: War axe           ||   100
  Use: Scroll            ||     3
Armor: Scale mail        ||    32
Dodge: Dodged            ||    39
Block: Kite shield       ||    49

Table legend: (Time is in decaauts)
 A = Elapsed time spent in this place.
 B = Non-inter-level travel time spent in this place.
 C = Inter-level travel time spent in this place.
 D = Time resting spent in this place.
 E = Time spent auto-exploring this place.
 F = Levels seen in this place.
 G = Mean time per level.
                   A        B        C        D        E       F      G
               +--------+--------+--------+--------+--------+-----+--------+
         Total |   2024 |   1985 |     39 |     49 |   1624 |   3 |  674.7 |
       Dungeon |   2024 |   1985 |     39 |     49 |   1624 |   3 |  674.7 |
               +--------+--------+--------+--------+--------+-----+--------+

Top non-repeatable levels by time:
     D:1: 1145 daAuts
     D:2: 819 daAuts
     D:3: 58 daAuts
